 Dungeon Crawl Stone Soup version 0.28-a0-683-ga8797d1ae1 (webtiles) character file.

Game seed: 3110304275905976611

1020 blank1 the Skirmisher (level 8, -4/111 HPs)
             Began as a Minotaur Fighter on Oct 19, 2021.
             Slain by a gnoll (6 damage)
             ... on level 5 of the Dungeon.
             The game lasted 00:11:48 (4279 turns).

blank1 the Skirmisher (Minotaur Fighter)            Turns: 4279, Time: 00:11:49

Health: -4/111     AC: 11    Str: 22    XL:     8   Next: 2%
Magic:  7/7        EV:  8    Int:  5    God:
Gold:   110        SH:  4    Dex: 11    Spells: 7/7 levels left

rFire   . . .      SeeInvis .   a - +1 flail
rCold   . . .      Faith    .   c - +0 buckler
rNeg    . . .      Spirit   .   q - +0 chain mail
rPois   .          Reflect  .   (helmet restricted)
rElec   .          Harm     .   k - +0 cloak
rCorr   .          Rampage  .   (no gloves)
Will    .....                   (no boots)
Stlth   ..........              (no amulet)
HPRegen 0.28/turn               (no ring)
MPRegen 0.10/turn               (no ring)

@: berserking, lethally poisoned (-4 -> -7), weak-willed, very quick
A: horns 2, retaliatory headbutt
a: no special abilities


You were on level 5 of the Dungeon.
You visited 1 branch of the dungeon, and saw 5 of its levels.

You collected 110 gold pieces.

Inventory:

Hand Weapons
 a - a +1 flail (weapon)
Armour
 c - a +0 buckler (worn)
 k - a +0 cloak (worn)
 q - a +0 chain mail (worn)
Scrolls
 e - a scroll of identify
 g - 4 scrolls of enchant weapon
 n - a scroll of amnesia
Potions
 d - a potion of might
 f - a potion of curing
 i - 3 potions of brilliance
 l - a potion of magic
 m - a potion of flight
 o - a potion of haste
 p - a potion of resistance


   Skills:
 + Level 7.8 Fighting
 + Level 7.8 Maces & Flails
 - Level 5.0 Armour
 - Level 2.0 Dodging
 - Level 4.0 Shields


You had 7 spell levels left.
You didn't know any spells.
Your spell library contained the following spells:

 Spells                   Type           Power      Damage    Failure   Level
 Sandblast                Erth           0%         2d4       99%         1
 Corpse Rot               Necr/Air       0%         N/A       99%         2
 Passwall                 Tmut/Erth      0%         N/A       99%         2
 Poisonous Vapours        Pois/Air       0%         N/A       99%         2
 Slow                     Hex            0%         N/A       99%         2
 Static Discharge         Conj/Air       0%         N/A       99%         2
 Confusing Touch          Hex            0%         N/A       100%        3
 Stone Arrow              Conj/Erth      0%         3d7       100%        3
 Vampiric Draining        Necr           0%         2d6       100%        3
 Fulminant Prism          Conj/Hex       0%         3d6       100%        4
 Iskenderun's Mystic Bla  Conj/Tloc      0%         2d3       100%        4
 Fireball                 Conj/Fire      0%         3d3       100%        5
 Lee's Rapid Deconstruct  Erth           0%         3d5*      100%        5
 Lightning Bolt           Conj/Air       0%         1d11      100%        5
 Starburst                Conj/Fire      0%         6d3       100%        6
 Ignition                 Fire           0%         3d3       100%        8
 Maxwell's Capacitive Co  Air            0%         ∞         100%        8


Dungeon Overview and Level Annotations

Branches:
Dungeon (5/15)
 Temple: D:4-7

Altars:

Shops:
D:4 (


Innate Abilities, Weirdness & Mutations

You have a pair of horns on your head.
You reflexively headbutt those who attack you in melee.


Message History

Things that are here:
a +0 spear; a gnoll corpse You block the gnoll's attack.
You see here 18 stones.
The gnoll shouts!
The gnoll hits you from afar with a +1 halberd of venom!
* * * LOW HITPOINT WARNING * * *
You are poisoned.
As you read the scroll labelled JEPPIY BOCEIWE, it crumbles to dust.
Magic quickly surges around you.
It was a scroll of vulnerability.
You feel very sick. The gnoll barely misses you.
The gnoll hits you with a +0 flail!
* * * LOW HITPOINT WARNING * * *
As you read the scroll labelled NICRUA XIONK, it crumbles to dust.
It is a scroll of amnesia.
You feel forgetful for a moment.
* * * LOW HITPOINT WARNING * * *
You feel sick. The gnoll barely misses you. You block the gnoll's attack.
The gnoll hits you but does no damage.
Unknown command.
It was a potion of berserk rage.
A red film seems to cover your vision as you go berserk!
You feel yourself moving faster!
You feel mighty!
* * * LOW HITPOINT WARNING * * *
You feel sick. The gnoll closely misses you. You block the gnoll's attack.
The gnoll hits you but does no damage.
You sock the gnoll!
You kill the gnoll!
* * * LOW HITPOINT WARNING * * *
You feel sick.
You hear a shout!
The gnoll closely misses you.
You are too berserk!
Unknown command.
* * * LOW HITPOINT WARNING * * *
You feel sick. The gnoll completely misses you.
You hit the gnoll.
The gnoll is heavily wounded.
The gnoll hits you with a +1 halberd of venom.
You die...

###.. ♣.♣....# .. ...#
♣♣.♣♣#.# .######.###......#
.......)....###..#
#....##.##### ..# ##...#..##
.# #..g...## .. ###)...(### .
#..@g.....##
####g##..#....###### ..
#.(..###....g......# .#.#
######.#### ###...)<....#
....##......#########.#.[)...#
#...#####.........##..#######
...####.........###..##
#.#............# ##..#######
.##.#...############
##.......#


You could see 3 gnolls.

Vanquished Creatures
  Menkaure (D:4)
  A water moccasin (D:5)
  A wyvern zombie (D:5)
  A gnoll sergeant (D:5)
  2 scorpions
  2 water moccasin zombies (D:5)
  A water moccasin skeleton (D:4)
  A centaur zombie (D:5)
  An orc priest (D:4)
  A gnoll shaman (D:4)
  Natasha (D:2)
  A centaur skeleton (D:5)
  An iguana (D:5)
  2 orc wizards (D:4)
  A scorpion zombie (D:5)
  A hound zombie (D:5)
  2 adders
  6 gnolls
  A worm (D:2)
  A dart slug (D:1)
  10 orcs
  6 ball pythons
  4 endoplasms
  3 giant cockroaches
  6 goblins
  7 hobgoblins
  4 jackals (D:2)
  2 quokkas
  3 frilled lizards
  2 kobolds (D:1)
  2 rats
78 creatures vanquished.

Notes
Turn   | Place    | Note
-------+----------+-------------------------------------------
     0 | D:1      | blank1 the Minotaur Fighter began the quest for the Orb.
     0 | D:1      | Reached XP level 1. HP: 19/19 MP: 0/0
     3 | D:1      | Noticed an electric eel
     4 | D:1      | Noticed an electric eel
    91 | D:1      | Reached XP level 2. HP: 27/27 MP: 1/1
   168 | D:1      | Found a faded altar of an unknown god.
   266 | D:1      | Reached skill level 1 in Dodging
   266 | D:1      | Reached XP level 3. HP: 21/33 MP: 2/2
   578 | D:2      | Noticed Natasha
   585 | D:2      | Killed Natasha
   770 | D:2      | Reached XP level 4. HP: 40/40 MP: 3/3
  1298 | D:3      | Noticed a scorpion
  1305 | D:3      | Killed a scorpion
  1306 | D:3      | Reached skill level 5 in Fighting
  1306 | D:3      | Reached XP level 5. HP: 39/48 MP: 4/4
  1956 | D:4      | Found Fizu's Antique Weapon Shop.
  2209 | D:4      | Reached XP level 6. HP: 42/57 MP: 5/5
  2522 | D:5      | Entered Level 5 of the Dungeon
  2820 | D:5      | Reached skill level 5 in Maces & Flails
  2820 | D:5      | Reached skill level 5 in Armour
  2877 | D:5      | Reached XP level 7. HP: 26/63 MP: 6/6
  3484 | D:5      | Noticed Menkaure
  3513 | D:4      | Killed Menkaure
  4249 | D:5      | Reached XP level 8. HP: 18/74 MP: 7/7
  4275 | D:5      | HP: 3/74 [poisoned by a gnoll]
  4279 | D:5      | Slain by a gnoll

Illustrated notes

Levels and vault maps discovered:
D:1:      arrival_aquarium_b, layout_rooms, ebering_ecumenical_altar_abandoned,
          chequers_serial_rivers_micro_b
D:2:      layout_loops_ring, kennysheep_generic_room_12, uniq_natasha
D:3:      layout_basic
D:4:      layout_cave_pools, serial_column_ruins, column_ruins_hut,
          column_ruins_square_medium, column_ruins_open_tiny,
          column_ruins_columns_straight, column_ruins_open_tiny,
          palyth_stone_intersect, roderic_roman_lattice, kennysheep_small_circle
D:5:      layout_rooms, nicolae_yredelemnul_corpse_copse, minitemple,
          serial_shops, shop, uniq_menkaure

Skill      XL: |  1  2  3  4  5  6  7 |
---------------+----------------------+-----
Fighting       | 4 5 6 7 |  7.8
Armour         | 4 5 |  5.0
Dodging        | 1 2 |  2.0
Shields        | 4 |  4.0
Maces & Flails | 3 4 6 7 |  7.8

Action                   |  1- 3 |  4- 6 |  7- 9 || total
-------------------------+-------+-------+-------++-------
Melee: Flail             |    53 |   134 |    61 ||   248
       Headbutt          |     9 |    23 |    18 ||    50
  Use: Scroll            |       |       |    10 ||    10
       Potion            |       |       |     2 ||     2
Armor: Scale mail        |    18 |    45 |       ||    63
       Chain mail        |       |       |    32 ||    32
       Skin              |       |       |     2 ||     2
Dodge: Dodged            |    12 |    60 |    31 ||   103
Block: Buckler           |    15 |    25 |    23 ||    63

Table legend: (Time is in decaauts)
 A = Elapsed time spent in this place.
 B = Non-inter-level travel time spent in this place.
 C = Inter-level travel time spent in this place.
 D = Time resting spent in this place.
 E = Time spent auto-exploring this place.
 F = Levels seen in this place.
 G = Mean time per level.
                   A        B        C        D        E       F      G
               +--------+--------+--------+--------+--------+-----+--------+
         Total |   4329 |   4209 |    120 |   1350 |   2079 |   5 |  865.8 |
       Dungeon |   4329 |   4209 |    120 |   1350 |   2079 |   5 |  865.8 |
               +--------+--------+--------+--------+--------+-----+--------+

Top non-repeatable levels by time:
     D:4: 1982 daAuts
     D:3: 716 daAuts
     D:2: 657 daAuts
     D:1: 516 daAuts
     D:5: 456 daAuts
